 Dungeon Crawl Stone Soup version 0.31-a0-232-gb1c03b2570 (webtiles) character file.

Game seed: 8664190749116591378

134 qw the Shooter (level 4, -2/37 HPs)
             Began as a Minotaur Hexslinger on July 6, 2023.
             Slain by a gnoll
             ... wielding a +0 halberd
              (7 damage)
             ... on level 6 of the Dungeon.
             The game lasted 00:00:40 (1382 turns).

qw the Shooter (Minotaur Hexslinger)                Turns: 1382, Time: 00:00:40

Health: -2/37      AC:  6    Str: 13    XL:     4   Next: 95%
Magic:  4/4        EV: 11    Int: 10    God:
Gold:   108        SH:  0    Dex: 14    Spells: 4/5 levels left

rFire   + . .        Y - +1 sling
rCold   . . .        (no shield)
rNeg    + . .        l - +0 ring mail
rPois   .            (helmet restricted)
rElec   .            (no cloak)
rCorr   .            b - +0 pair of gloves
SInv    .            (no boots)
Will    .....        (no amulet)
Stlth   +            i - ring of protection from fire
HPRegen 0.26/turn    d - ring of positive energy
MPRegen 0.09/turn

%: no passive effects
@: no status effects
A: horns 2, retaliatory headbutt
a: no special abilities


You were on level 6 of the Dungeon.
You visited 1 branch of the dungeon, and saw 4 of its levels.

You collected 108 gold pieces.


Innate Abilities, Weirdness & Mutations

You have a pair of horns on your head.
You reflexively headbutt those who attack you in melee.


   Skills:
 + Level 2.4 Fighting
 - Level 5.0 Ranged Weapons
 - Level 1.5 Armour
 - Level 2.1 Dodging
 - Level 1.0 Spellcasting
 - Level 2.0 Hexes


You had 4 spell levels left.
You knew the following spells:

 Your Spells              Type           Power      Damage    Failure   Level
a - Slow                  Hex            16%        N/A       32%         1

Your spell library contained the following spells:

 Spells                   Type           Power      Damage    Failure   Level
 Inner Flame              Hex/Fire       2%         N/A       82%         3
 Portal Projectile        Hex/Tloc       4%         N/A       82%         3
 Cause Fear               Hex            2%         N/A       97%         4

Inventory:

Hand Weapons
 Y - a +1 sling (weapon)
Armour
 b - a +0 pair of gloves (worn)
 l - a +0 ring mail (worn)
Jewellery
 d - a ring of positive energy (right hand)
 i - a ring of protection from fire (left hand)
Scrolls
 a - a scroll of identify
Potions
 c - a potion of mutation {unknown}
 g - a potion of curing {unknown}
 h - a potion of degeneration {unknown}
 j - a potion of lignification {unknown}
 m - a potion of brilliance {unknown}

Dungeon Overview and Level Annotations

Branches:
Dungeon (3/15)

Altars:


Message History

You hear a shout! x3
You shoot a sling bullet. The sling bullet hits the gnoll.
The gnoll is lightly wounded.
You shoot a sling bullet. The sling bullet hits the gnoll.
The gnoll is heavily wounded.
The gnoll hits you from afar with a +0 spear.
You shoot a sling bullet.
The sling bullet hits the gnoll but does no damage.
The gnoll is heavily wounded.
The gnoll hits you but does no damage.
You shoot a sling bullet. The sling bullet hits the gnoll.
The gnoll is severely wounded.
The gnoll barely misses you. The gnoll misses you.
You shoot a sling bullet. The sling bullet hits the gnoll.
The gnoll is almost dead.
The gnoll hits you from afar with a +0 spear.
You shoot a sling bullet. The sling bullet hits the gnoll.
You kill the gnoll!
You start resting.
A gnoll comes into view. It is wielding a +0 halberd.
You shoot a sling bullet. The gnoll shouts!
The sling bullet hits the gnoll.
The gnoll is moderately wounded.
You shoot a sling bullet. The sling bullet hits the gnoll.
The gnoll is moderately wounded.
You start resting.
A gnoll comes into view. It is wielding a +0 whip.
You shoot a sling bullet.
The sling bullet barely misses the gnoll.
You shoot a sling bullet. The sling bullet hits the gnoll.
The gnoll is heavily wounded.
The gnoll hits you from afar with a +0 halberd!
You shoot a sling bullet.
The sling bullet hits the gnoll but does no damage.
The gnoll is heavily wounded.
The gnoll misses you.
A jelly comes into view.
The gnoll hits you from afar with a +0 halberd!
You die...

...##.....
#.#......
..J....
......
#g..#
#...#
#g###
#...#
##@##
#.))#
.......
....#.#...
#.#
###.... #
##....
#...# #...


You could see a jelly (wandering) and 2 gnolls.

Vanquished Creatures
  An iguana (D:6)
  An orc wizard (D:6)
  Robin (D:2)
  A gnoll (D:6)
  An adder (D:2)
  A dart slug (D:2)
  2 orcs (D:6)
  4 endoplasms
  4 giant cockroaches
  6 goblins
  5 hobgoblins (D:2)
  3 jackals (D:1)
  4 ball pythons
  4 bats
  A frilled lizard (D:2)
  5 kobolds
  4 rats
48 creatures vanquished.

Notes
Turn   | Place    | Note
-------+----------+-------------------------------------------
     0 | D:1      | qw the Minotaur Hexslinger began the quest for the Orb.
     0 | D:1      | Reached XP level 1. HP: 16/16 MP: 1/1
     0 | D:1      | 0 ||| qw: Version: 0.3-a-46-gb1f654a
     0 | D:1      | 0 ||| qw: Game counter: 2135
     0 | D:1      | 0 ||| qw: Melee chars always use a shield: true
     0 | D:1      | 0 ||| qw: God list: Okawaru
     0 | D:1      | 0 ||| qw: Allow faded altars: false
     0 | D:1      | 0 ||| qw: Do Orc after clearing Dungeon:15 true
     0 | D:1      | 0 ||| qw: Do second Lair branch before Depths: true
     0 | D:1      | 0 ||| qw: Lair rune preference: random
     0 | D:1      | 0 ||| qw: Goals: Normal
     0 | D:1      | 0 ||| PLANNING D:1-11
   264 | D:1      | Reached skill level 3 in Ranged Weapons
   264 | D:1      | Reached XP level 2. HP: 22/23 MP: 2/2
   419 | D:1      | 419 ||| UPGRADING to +0 leather armour.
   429 | D:1      | 429 ||| DROPPING +0 robe.
   430 | D:1      | 430 ||| UPGRADING to +0 ring mail.
   440 | D:1      | 440 ||| DROPPING +0 leather armour.
   441 | D:1      | 441 ||| UPGRADING to ring of protection from fire.
   442 | D:1      | 442 ||| READING 3 scrolls labelled GELUSITE TAGHO.
   443 | D:1      | 443 ||| READING scroll labelled SEFEKHL YRGHE.
   487 | D:1      | 487 ||| READING 2 scrolls of identify.
   487 | D:1      | 487 ||| IDENTIFYING brown potion
   488 | D:1      | 488 ||| DROPPING scroll of poison.
   489 | D:1      | 489 ||| DROPPING potion of magic.
   537 | D:2      | Reached XP level 3. HP: 22/29 MP: 3/3
   559 | D:2      | 559 ||| FLEEEEING.
   561 | D:2      | 561 ||| FLEEEEING.
   562 | D:2      | 562 ||| FLEEEEING.
   563 | D:2      | 563 ||| FLEEEEING.
   564 | D:2      | 564 ||| FLEEEEING.
   565 | D:2      | 565 ||| FLEEEEING.
   569 | D:2      | 569 ||| STAIRDANCE
   773 | D:2      | Reached skill level 4 in Ranged Weapons
   872 | D:2      | Noticed Robin
   881 | D:2      | Killed Robin
   882 | D:2      | Reached skill level 1 in Armour
   886 | D:2      | HP: 7/29 [hobgoblin[Robin] (3)]
  1171 | D:2      | Reached XP level 4. HP: 36/36 MP: 4/4
  1276 | D:2      | 1276 ||| UPGRADING to +0 pair of gloves.
  1281 | D:2      | 1281 ||| UPGRADING to ring of positive energy.
  1282 | D:2      | 1282 ||| READING scroll labelled CIKKYN RIUL.
  1283 | D:2      | 1283 ||| READING scroll labelled INEALO ORAECWEE.
  1292 | D:3      | You fall into a shaft and drop 3 floors!
  1323 | D:6      | Reached skill level 5 in Ranged Weapons
  1381 | D:6      | HP: 5/37 [gnoll/+0 halberd (13)]
  1382 | D:6      | Slain by a gnoll

Levels and vault maps discovered:
D:1:      grunt_arrival_crossed_arrows, layout_rooms, minmay_distorted
D:2:      layout_basic, uniq_robin
D:3:      layout_rooms, nicolae_overflow_ecumenical_swirl, zin_treasury,
          marbit_many_paths, chequers_ecumenical_altar_simple_redux,
          serial_undead, serial_undead_d, serial_undead_f, serial_undead_c,
          serial_undead_a, cheibrodos_gnoll_hut
D:6:      layout_cave_pools, mainiacjoe_overflow_surrounded_room,
          overflow_temple_1_default, mainiacjoe_overflow_six_doors_small,
          temple_doors_ab

Skill      XL: |  1  2  3  4 |
---------------+-------------+-----
Ranged Weapons | 3 4 5 |  5.0
Fighting       | 2 |  2.4
Armour         | 1 |  1.5
Dodging        | |  2.1
Spellcasting   | |  1.0
Hexes          | |  2.0

Action                     |  1- 3 |  4- 6 || total
---------------------------+-------+-------++-------
   Fire: Sling             |   117 |    32 ||   149
    Use: Scroll            |     3 |     2 ||     5
 Armour: Robe              |    11 |       ||    11
         Ring mail         |    25 |     4 ||    29
  Dodge: Dodged            |    45 |     9 ||    54

Table legend:
 A = Non-vault XP
 B = Vault XP
 C = Vault XP percentage of total XP
 D = Non-vault monster count
 E = Vault monster count
 F = Vault count percentage of total count
                 A         B        C        D         E       F
            +---------+---------+-------+---------+---------+-------
      Total |     163 |      29 |  15.1 |      40 |       8 |  16.7
            +---------+---------+-------+---------+---------+-------
        D:1 |      27 |       0 |   0.0 |      16 |       0 |   0.0
        D:2 |      45 |      29 |  39.2 |      19 |       8 |  29.6
        D:6 |      91 |       0 |   0.0 |       5 |       0 |   0.0
            +---------+---------+-------+---------+---------+-------
